 Dungeon Crawl Stone Soup version 0.27.1-15-g792fb953b9 (webtiles) character file.

Game seed: 9399827090662663522

17072 bearlyready the Covert (level 12, -7/82 HPs)
             Began as an Octopode Transmuter on Nov 20, 2021.
             Was an Initiate of Gozag.
             Killed from afar by a raiju (11 damage)
             ... with a living lightning
             ... on level 2 of the Abyss.
             The game lasted 00:34:27 (18523 turns).

bearlyready the Covert (Octopode Transmuter)       Turns: 18523, Time: 00:34:27

Health: -7/82      AC:  5    Str: 15    XL:     12   Next: 44%
Magic:  15/15      EV: 17    Int: 17    God:    Gozag
Gold:   259        SH:  0    Dex: 16    Spells: 5/15 levels left

rFire    . . .     SeeInvis .     - Unarmed
rCold    + + .     Faith    .   (no shield)
rNeg     . . .     Spirit   .   (helmet restricted)
rPois    .         Reflect  .   (no amulet)
rElec    .         Harm     .   f - ring of protection from cold
rCorr    .         Rampage  .   i - +4 ring of protection
Will     .....                  B - +6 ring of strength
Stlth    ++++++....             r - ring of protection from cold
HPRegen  0.23/turn              (no ring)
MPRegen  0.14/turn              (no ring)
                                (no ring)
                                (no ring)

@: brilliant, studying Hexes
A: almost no armour, amphibious, 8 rings, camouflage 1, gelatinous body 1,
(nimble swimmer 1), tentacles
a: Renounce Religion, Potion Petition, Call Merchant, Bribe Branch


You were on level 2 of the Abyss.
You worshipped Gozag.
Gozag was aware of your devotion.
You visited 3 branches of the dungeon, and saw 14 of its levels.
You visited the Abyss 1 time.
You also visited: Sewer and Ossuary.

You collected 1585 gold pieces.
You spent 318 gold pieces at shops.
You paid 1008 gold pieces to Gozag.

Inventory:

Missiles
 h - 268 stones
 k - 5 datura-tipped darts
 A - 16 boomerangs
 D - 30 poisoned darts (quivered)
 E - a throwing net
Jewellery
 f - a ring of protection from cold (left tentacle)
 i - a +4 ring of protection (right tentacle)
 r - a ring of protection from cold (on tentacle)
 B - a +6 ring of strength (on tentacle)
 H - a ring of ice
Wands
 m - a wand of flame (26)
 q - a wand of charming (3)
 u - a wand of acid (7)
 C - a wand of mindburst (9)
 G - a wand of iceblast (10)
Scrolls
 l - 3 scrolls of enchant weapon
 n - 2 scrolls of enchant armour
 o - 2 scrolls of immolation
 p - a scroll of vulnerability
 s - a scroll of torment
 t - a scroll of silence
 y - 3 scrolls of fog
 J - a scroll of magic mapping
 L - 2 scrolls of holy word
Potions
 a - 5 potions of haste
 b - a potion of berserk rage {unknown}
 c - 7 potions of curing
 d - a potion of lignification
 e - 2 potions of invisibility
 g - 6 potions of attraction
 j - a potion of cancellation
 v - 2 potions of mutation
 w - a potion of degeneration
 x - a potion of ambrosia
 z - 2 potions of flight


   Skills:
 + Level 7.6 Fighting
 + Level 3.7 Throwing
 + Level 7.6 Dodging
 - Level 11.0 Stealth
 + Level 10.3 Unarmed Combat
 - Level 2.0 Spellcasting
 + Level 9.3 Transmutations
 - Level 2.0 Ice Magic
 - Level 3.2 Poison Magic
 + Level 5.1 Evocations


You had 5 spell levels left.
You knew the following spells:

 Your Spells              Type           Power      Damage    Failure   Level
a - Beastly Appendage     Tmut           100%       N/A       1%          1
b - Wereblood             Tmut           50%        N/A       1%          2
c - Spider Form           Tmut/Pois      17%        N/A       4%          3
d - Ice Form              Ice/Tmut       31%        N/A       19%         4

Your spell library contained the following spells:

 Spells                   Type           Power      Damage    Failure   Level
 Magic Dart               Conj           8%         1d3       19%         1
 Blink                    Tloc           N/A        N/A       28%         2
 Call Imp                 Summ           2%         N/A       28%         2
 Mephitic Cloud           Conj/Pois/Air  8%         N/A       36%         3
 Lesser Beckoning         Tloc           1%         N/A       50%         3
 Manifold Assault         Tloc           2%         N/A       99%         5


Dungeon Overview and Level Annotations

Branches:
Dungeon (12/15)            Temple (1/1) D:5            Lair (0/6) D:11
    Orc (1/2) D:11          Sewer (visited)         Ossuary (visited)

Altars:
Ashenzari
Cheibriados
Dithmenos
Elyvilon
Fedhas
Gozag
Hepliaklqana
Kikubaaqudgha
Makhleb
Nemelex Xobeh
Okawaru
Qazlal
Ru
Sif Muna
Trog
Uskayaw
Vehumet
Wu Jian
Xom
Yredelemnul
Zin
The Shining One

Shops:
D:9 ![*

Annotations:
D:10 exclusion: oklob plant
D:11 exclusions: ice statue and oklob plant
Orc:1 Maurice


Innate Abilities, Weirdness & Mutations

You cannot wear most types of armour.
You are amphibious.
You can wear up to eight rings at the same time.
Your skin changes colour to match your surroundings (Stealth+).
Your rubbery body absorbs attacks. (AC +1, EV +1)
((You are camouflaged near water. (Stealth+)))
You have tentacles for arms and can constrict up to eight enemies at once.


Message History

Purchase which effect?
You feel much better.
You constrict the raiju, but do no damage.
The raiju misses you. The raiju bites you. The raiju shocks you!
You release your grip on the raiju.
The raiju bursts into living lightning!
The living lightning hits you!
* * * LOW HITPOINT WARNING * * *
The raiju blinks! [a] - 594 gold - haste, brilliance and magic [b] - 990 gold - heal wounds, curing, magic, lignification, might and resistance [c] - 288 gold - brilliance and magic Purchase which effect?
You don't have enough gold for that! [a] - 594 gold - haste, brilliance and magic [b] - 990 gold - heal wounds, curing, magic, lignification, might and resistance [c] - 288 gold - brilliance and magic Purchase which effect?
You no longer have enough gold to petition Gozag for potion effects.
You feel clever all of a sudden. Magic courses through your body.
The raiju barely misses you.
The raiju bursts into living lightning!
The living lightning hits the raiju.
The raiju completely resists.
The living lightning hits you!
* * * LOW HITPOINT WARNING * * *
The raiju blinks!
You feel better. The raiju bites you.
* * * LOW HITPOINT WARNING * * *
The raiju shocks you!
* * * LOW HITPOINT WARNING * * *
The raiju closely misses you.
The raiju bursts into living lightning!
The living lightning misses you.
The raiju blinks!
The raiju bursts into living lightning!
The living lightning misses you.
The raiju blinks! x2
A large abomination comes into view.
The raiju bursts into living lightning!
The living lightning hits you!
You die...
Your body crumbles into a pile of gold.

# .# ... ######
####....
....####.#...... ##
#..#h.#.....# #..##
#.#.h.@..#.
......##...###...#
....# .#X#..##.>....#
. ......#......#....
.#..#...#...##.#...#.
..........#!#..... .#
.....##h.#.#.#....# .
........#......# X.
.. .#.##..##.# #


You could see 2 large abominations and 2 raiju.

Vanquished Creatures
  Fannar (D:10)
  Harold (D:8)
  A hydra (D:11)
  A centaur warrior (D:11)
  6 two-headed ogres
  Pikel (D:9)
  A manticore (D:11)
  2 cyclopes
  2 centaur zombies (D:11)
  Joseph (D:7)
  A gargoyle (D:11)
  2 komodo dragons
  A slime creature (D:7)
  13 yaks
  2 shadows
  2 wyverns (D:9)
  A wraith (D:9)
  2 steam dragons (D:8)
  Menkaure (D:6)
  Duvessa (D:4)
  A floating eye (shapeshifter) (D:11)
  6 orc warriors
  2 necrophages
  2 centaurs
  3 ogres
  3 lemures
  4 kobold brigands
  2 bullfrogs
  2 water moccasin zombies (Ossuary)
  A wyvern zombie (D:7)
  3 scorpions
  A wyvern skeleton (D:7)
  Dowan (D:4)
  4 killer bees (D:9)
  12 wights
  A crimson imp (D:4)
  8 jellies
  2 orc priests
  A centaur skeleton (D:5)
  A gnoll shaman (D:7)
  2 hounds (D:5)
  4 iguanas
  A bullfrog skeleton (D:5)
  6 orc wizards
  A killer bee zombie (D:7)
  2 mummies (Ossuary)
  12 adders
  8 gnolls (D:7)
  2 river rats (Sewer)
  An ufetubus (D:11)
  8 adder zombies (Ossuary)
  2 worms (D:3)
  4 dart slugs
  33 orcs
  6 ball pythons
  5 bats
  16 endoplasms
  3 giant cockroaches
  7 goblins
  8 hobgoblins
  4 jackals
  7 quokkas
  11 frilled lizards
  2 hobgoblin zombies (Ossuary)
  24 kobolds
  8 kobold zombies (Ossuary)
  6 orc zombies (Ossuary)
  10 rats
306 creatures vanquished.

Vanquished Creatures (collateral kills)
  2 orcs (D:5)
2 creatures vanquished.

Vanquished Creatures (others)
  A wizard (D:12)
  2 wights (D:5)
  An orc priest (D:5)
  An orc (D:5)
  10 fungi (D:10)
  A lurking horror (Abyss:2)
  2 plants (D:11)
18 creatures vanquished.

Grand Total: 326 creatures vanquished

Notes
Turn   | Place    | Note
-------+----------+-------------------------------------------
     0 | D:1      | bearlyready the Octopode Transmuter began the quest for the
                  | Orb.
     0 | D:1      | Reached XP level 1. HP: 13/13 MP: 3/3
   241 | D:1      | Reached XP level 2. HP: 18/18 MP: 5/5
   888 | D:1      | Reached XP level 3. HP: 23/23 MP: 6/6
  1726 | D:2      | Reached XP level 4. HP: 19/28 MP: 4/7
  2148 | D:3      | Learned a level 2 spell: Wereblood
  2152 | D:3      | Learned a level 3 spell: Spider Form
  2458 | D:3      | Found a glowing drain.
  2479 | Sewer    | Entered a sewer
  2698 | Sewer    | Reached skill level 1 in Poison Magic
  2830 | Sewer    | Reached XP level 5. HP: 33/33 MP: 8/8
  3957 | D:4      | Found a hazy altar of Hepliaklqana.
  4112 | D:4      | Reached XP level 6. HP: 34/38 MP: 5/9
  4188 | D:4      | Found a sparkling altar of Nemelex Xobeh.
  4205 | D:4      | Reached skill level 5 in Unarmed Combat
  4556 | D:4      | Found a burning altar of Makhleb.
  4556 | D:4      | Found a shimmering altar of Xom.
  4613 | D:4      | Noticed Duvessa
  4618 | D:4      | Noticed Dowan
  5115 | D:5      | Entered Level 5 of the Dungeon
  5378 | D:5      | Found a staircase to the Ecumenical Temple.
  5423 | D:5      | Reached XP level 7. HP: 43/43 MP: 4/10
  5430 | D:5      | Reached skill level 5 in Transmutations
  5696 | D:5      | Identified the +3 leather armour of the First Stars {rElec
                  | rN+ Str-3}
  5975 | D:5      | Reached XP level 8. HP: 47/48 MP: 11/11
  6288 | D:5      | Reached skill level 1 in Stealth
  6384 | D:5      | Reached skill level 1 in Evocations
  6706 | D:6      | Reached skill level 2 in Stealth
  6780 | D:6      | Reached skill level 3 in Stealth
  6790 | D:6      | Noticed Menkaure
  6961 | D:6      | Learned a level 4 spell: Ice Form
  7032 | D:6      | Killed Menkaure
  7043 | D:6      | Found a sand-covered staircase.
  7154 | Ossuary  | Entered an ossuary
  7332 | Ossuary  | Reached skill level 4 in Stealth
  7666 | D:6      | Reached skill level 1 in Ice Magic
  7674 | D:6      | Reached XP level 9. HP: 47/54 MP: 7/12
  8327 | D:7      | Noticed a two-headed ogre
  8709 | D:8      | Noticed Harold
  8717 | D:8      | Reached skill level 5 in Stealth
  8732 | D:8      | Killed Harold
  8870 | D:8      | Reached skill level 6 in Stealth
  9707 | D:9      | Noticed Pikel
  9722 | D:8      | Reached XP level 10. HP: 41/63 MP: 6/13
  9765 | D:9      | Found Lucu's Armour Shoppe.
 10051 | D:9      | Found Jeikuala's Assorted Antiques.
 10097 | D:9      | Found a snail-covered altar of Cheibriados.
 10120 | D:9      | Reached skill level 7 in Stealth
 10154 | D:9      | Bought 2 scrolls of fog for 108 gold pieces
 10491 | D:9      | Identified the +0 ring mail of the Trout {Str+6 Slay+3}
 10779 | D:9      | Killed Pikel
 10780 | D:9      | Reached skill level 1 in Throwing
 10917 | D:9      | Reached skill level 5 in Fighting
 10997 | D:9      | Reached skill level 5 in Dodging
 10997 | D:9      | Reached skill level 8 in Stealth
 11108 | D:9      | Found Viabekhla's Distillery.
 11117 | D:9      | Bought a potion of curing for 45 gold pieces
 11117 | D:9      | Bought a potion of heal wounds for 75 gold pieces
 11117 | D:9      | Bought 2 potions of curing for 90 gold pieces
 11220 | D:10     | Entered Level 10 of the Dungeon
 11359 | Temple   | Entered the Ecumenical Temple
 11565 | Temple   | Became a worshipper of Gozag Ym Sagoz the Greedy
 12234 | D:7      | Killed a two-headed ogre
 12235 | D:7      | Reached XP level 11. HP: 72/72 MP: 14/14
 12332 | D:7      | Found a glowing silver altar of Zin.
 12345 | D:7      | Noticed Joseph
 12363 | D:7      | Killed Joseph
 12608 | D:7      | Reached skill level 9 in Stealth
 13352 | D:4      | Killed Dowan
 13353 | D:4      | Killed Duvessa
 13952 | D:10     | Found a shimmering blue altar of Sif Muna.
 14492 | D:10     | Noticed a cyclops
 14513 | D:10     | Killed a cyclops
 14675 | D:10     | You fall into a shaft and drop 1 floor!
 14802 | D:11     | Noticed a two-headed ogre
 14844 | D:10     | Noticed Fannar
 14851 | D:10     | Killed Fannar
 15330 | D:10     | Noticed an oklob plant
 15679 | D:11     | Noticed a manticore
 15679 | D:11     | Noticed a two-headed ogre
 15687 | D:11     | Found a staircase to the Lair.
 15707 | D:11     | Killed a two-headed ogre
 15708 | D:11     | Reached skill level 10 in Stealth
 15714 | D:11     | Killed a manticore
 15843 | D:11     | Noticed an oklob plant
 15931 | D:11     | Found a staircase to the Orcish Mines.
 15978 | D:11     | Killed a two-headed ogre
 16021 | D:11     | Noticed a two-headed ogre
 16064 | D:11     | Killed a two-headed ogre
 16065 | D:11     | Reached XP level 12. HP: 81/81 MP: 15/15
 16072 | D:11     | Noticed a two-headed ogre
 16088 | D:11     | Killed a two-headed ogre
 16089 | D:11     | Reached skill level 10 in Unarmed Combat
 16359 | D:11     | Noticed a centaur warrior
 16359 | D:11     | Noticed a four-headed hydra
 16390 | D:11     | HP: 4/81 [four-headed hydra (15)]
 16982 | D:11     | Killed a four-headed hydra
 17392 | Orc:1    | Entered Level 1 of the Orcish Mines
 17392 | Orc:1    | Noticed Maurice
 17420 | D:11     | Killed a centaur warrior
 17696 | D:12     | Noticed a two-headed ogre
 17721 | D:12     | Killed a two-headed ogre
 17722 | D:12     | Reached skill level 11 in Stealth
 17866 | D:12     | Reached skill level 5 in Evocations
 18347 | D:12     | Cast into level 2 of the Abyss (a wizard)
 18518 | Abyss:2  | HP: 3/82 [raiju/living lightning (14)]
 18523 | Abyss:2  | Killed from afar by a raiju

Illustrated notes

Levels and vault maps discovered:
D:1:      wander_arrival_fairy_ring, layout_loops_corners,
          minmay_split_cup_small
D:2:      layout_rooms
D:3:      minmay_angry_zag, layout_loops_corners, cheibrodos_sewer_entry_sluice
D:4:      layout_layer_cave, grunt_temple_overflow_champion_of_chaos,
          amcnicky_altar_gilded, general_overflow_altar, chequers_mini_garden,
          minmay_distorted, uniq_duvessa
D:5:      layout_loops_cross, temple_statues, dk_noncrumbling_4,
          minmay_manual_mess
D:6:      layout_rooms, chequers_ossuary_entry_cave, uniq_menkaure
D:7:      layout_basic, lemuel_crystal_altar, uniq_joseph
D:8:      layout_basic, uniq_harold
D:9:      layout_rooms, overflow_temple_1_default, serial_shops,
          nicolae_square_shop, shop, shop, uniq_pikel
D:10:     lemuel_slime, layout_cave_pools, lemuel_crystal_altar, uniq_fannar
D:11:     cheibrodos_frozen_isle, layout_irregular_city, dpeg_oklobed_lair,
          minivault_25_ag
D:12:     minmay_tri_stars, layout_basic, uniq_psyche
Temple:   regret_index_temple_generic_petals
Orc:1:    layout_diamond_mine, uniq_sonja, uniq_maurice, uniq_urug
Abyss:2:  base:
Lair:2

Skill      XL: |  1  2  3  4  5  6  7  8  9 10 11 12 |
---------------+-------------------------------------+-----
Transmutations | 3 4 6 7 8 9 |  9.3
Unarmed Combat | 4 5 6 7 8 9 10 | 10.3
Poison Magic   | 1 2 3 |  3.2
Stealth        | 4 6 8 10 11 | 11.0
Evocations     | 3 4 5 |  5.1
Ice Magic      | 1 2 |  2.0
Fighting       | 3 5 7 |  7.6
Dodging        | 3 5 7 |  7.6
Throwing       | 3 |  3.7
Spellcasting   | |  2.0

Action                   |  1- 3 |  4- 6 |  7- 9 | 10-12 || total
-------------------------+-------+-------+-------+-------++-------
Melee: Unarmed           |    84 |   177 |   274 |   413 ||   948
       Constrict         |    20 |    37 |    42 |    12 ||   111
       Tentacles         |    13 |    27 |    33 |    32 ||   105
       Kick              |     2 |     3 |    23 |    22 ||    50
       Punch             |       |     3 |     8 |     7 ||    18
Throw: Dart              |       |       |       |    57 ||    57
       Boomerang         |       |       |       |    25 ||    25
       Throwing net      |       |       |       |     5 ||     5
 Cast: Beastly Appendage |     4 |     2 |     6 |     4 ||    16
       Spider Form       |       |     5 |     9 |    29 ||    43
       Wereblood         |       |       |     7 |     9 ||    16
Invok: Potion Petition   |       |       |       |     3 ||     3
Evoke: Wand              |       |     1 |    12 |     9 ||    22
  Use: Scroll            |       |     1 |     9 |    13 ||    23
       Potion            |       |       |     5 |     3 ||     8
 Stab: Sleeping          |     4 |     7 |     5 |     9 ||    25
       Distracted        |       |     1 |       |     3 ||     4
       Held in net/web   |       |       |       |     2 ||     2
Armor: Skin              |    15 |    27 |    45 |    43 ||   130
Dodge: Dodged            |    43 |   114 |   170 |   309 ||   636
